 Dungeon Crawl Stone Soup version 0.28.0-43-g3370ac3207 (webtiles) character file.

Game seed: 13548679538200940200

32 bromine the Cudgeller (level 3, 0/36 HPs)
             Began as a Troll Berserker on Feb 28, 2022.
             Was a Follower of Trog.
             Slain by a quasit (3 damage)
             ... summoned by Eustachio
             ... on level 4 of the Dungeon.
             The game lasted 00:02:13 (1330 turns).

bromine the Cudgeller (Troll Berserker)             Turns: 1330, Time: 00:02:14

Health: 0/36       AC:  4    Str: 27      XL:     3   Next: 10%
Magic:  2/2        EV: 10    Int:  3      God:    Trog [*.....]
Gold:   47         SH:  0    Dex:  6 (9)  Spells: 2/2 levels left

rFire   . . .      SeeInvis .   a - +0 mace
rCold   . . .      Faith    .   (no shield)
rNeg    . . .      Spirit   .   b - +0 animal skin
rPois   .          Reflect  .   (helmet restricted)
rElec   .          Harm     .   (no cloak)
rCorr   .          Rampage  .   (gloves unavailable)
Will    .....                   (boots unavailable)
Stlth   +.........              (no amulet)
HPRegen 0.92/turn               (no ring)
MPRegen 0.08/turn               (no ring)

@: about to teleport, on berserk cooldown, slowed, very slow
A: large, unfitting armour, claws 3, regeneration 1, shaggy fur 1, tough skin 1
a: Renounce Religion, Berserk


You were on level 4 of the Dungeon.
You worshipped Trog.
Trog was aware of your devotion.
You visited 1 branch of the dungeon, and saw 3 of its levels.

You collected 47 gold pieces.

Inventory:

Hand Weapons
 a - a +0 mace (weapon)
Armour
 b - a +0 animal skin (worn)
Scrolls
 h - a scroll of fear
Potions
 c - a potion of brilliance {unknown}
 d - a potion of mutation {unknown}
 f - a potion of flight {unknown}


   Skills:
 + Level 2.7 Fighting
 + Level 3.1 Maces & Flails
 + Level 3.0 Dodging


You had 2 spell levels left.
You didn't know any spells.
Your spell library was empty.

Dungeon Overview and Level Annotations

Branches:
Dungeon (2/15)

Altars:

Annotations:
D:4 Eustachio


Innate Abilities, Weirdness & Mutations

You are too large for most types of armour.
You have claws for hands.
Your natural rate of healing is unusually fast.
You are covered in fur. (AC +1)
You have tough skin. (AC +1)


Message History

You are frozen.
The goblin misses you. The orc hits you with a +0 short sword.
The quokka barely misses you. The quokka bites you.
As you read the scroll of teleportation, it crumbles to dust.
You feel strangely unstable. The quasit barely misses you. x2
The quasit claws you but does no damage.
The quokka misses you.
The endoplasm hits you but does no damage.
The goblin hits you with a +0 dagger. The orc hits you with a +0 short sword.
* * * LOW HITPOINT WARNING * * *
The quokka closely misses you. The quasit bites you.
* * * LOW HITPOINT WARNING * * *
You feel clumsy. The quasit closely misses you.
The quasit claws you but does no damage.
The quokka barely misses you. The endoplasm closely misses you.
The goblin hits you with a +0 dagger.
* * * LOW HITPOINT WARNING * * *
The orc hits you but does no damage. The quokka misses you.
You hit the endoplasm.
The endoplasm is moderately wounded.
The quasit bites you but does no damage.
The quasit claws you but does no damage.
The quasit claws you.
* * * LOW HITPOINT WARNING * * *
You feel clumsy.
The quokka bites you but does no damage.
The quasit bites you but does no damage.
The quasit claws you but does no damage.
The quasit claws you.
* * * LOW HITPOINT WARNING * * *
The quokka closely misses you. The endoplasm freezes you.
You are frozen.
* * * LOW HITPOINT WARNING * * *
The goblin closely misses you. The orc hits you with a +0 short sword.
* * * LOW HITPOINT WARNING * * *
The quokka misses you.
The quokka bites you but does no damage.
The quasit bites you.
You die...

## #.
.####.######+#####
.................#
.................#
.........5.......
#....orr......
#...@J@5b.....
#..####gK#+### #..
..# .... ....
###.. ....# #..
....# #.. ...##
#.. ...#


You could see Eustachio, an iron imp (summoned), a quasit (summoned), an orc, an
endoplasm, 2 quokkas, a goblin, a bat (summoned) and a kobold.

Vanquished Creatures
  A dart slug (D:2)
  3 orcs (D:4)
  2 ball pythons
  An endoplasm (D:1)
  A hobgoblin (D:1)
  3 jackals (D:1)
  A kobold (D:1)
  2 quokkas (D:1)
  2 bats
  A frilled lizard (D:2)
  5 goblins
  2 rats (D:1)
24 creatures vanquished.

Notes
Turn   | Place    | Note
-------+----------+-------------------------------------------
     0 | D:1      | bromine the Troll Berserker began the quest for the Orb.
     0 | D:1      | Reached XP level 1. HP: 22/22 MP: 0/0
   603 | D:1      | Found a faded altar of an unknown god.
   620 | D:1      | Reached XP level 2. HP: 25/29 MP: 1/1
  1316 | D:2      | You fall into a shaft and drop 2 floors!
  1317 | D:4      | Noticed Eustachio
  1322 | D:4      | Reached XP level 3. HP: 36/36 MP: 2/2
  1330 | D:4      | Slain by a quasit

Illustrated notes

Levels and vault maps discovered:
D:1:      scummos_arrival_hexagon, layout_loops_corners,
          hellmonk_ecumenical_altar_lost_god
D:2:      layout_basic, kennysheep_flooded_box
D:4:      layout_basic, lemuel_zombie_altar_kikubaaqudgha, uniq_sigmund,
          uniq_blork_the_orc, uniq_robin, uniq_eustachio

Skill      XL: |  1  2  3 |
---------------+----------+-----
Maces & Flails | 3 |  3.1
Dodging        | 3 |  3.0
Fighting       | |  2.7

Action                   || total
-------------------------++-------
Melee: Mace              ||    66
Invok: Berserk           ||     1
  Use: Scroll            ||     3
Armor: Animal skin       ||    60
Dodge: Dodged            ||    84
